AoeStats
← Friedsotong

Arena

509561268Analyzed
1v1 RM · 4d ago on Sep 27, 2026· 43m 1s· 2 players
Game mode
Random Map
Map size
Tiny (2 player)
Population
200
Speed
Normal
Resources
Standard
Victory
Conquest
Starting age
Dark Age
Ending age
Imperial Age
RankedLock teamsTeams togetherTeam positionsShared explorationLock speedFull tech treeHidden civsTurbo modeCheats
Victory
Defeat
🇹🇷 Bohemians · Türkiye
813
+17
🇸🇬 Franks · Singapore
835
-17
dogacankocakaya
0:29 Loom
12:28 Feudal Age
13:48 Feudal Age
14:05 Man-at-Arms
14:35 Double-Bit Axe
14:31 Horse Collar
16:42 Wheelbarrow
22:09 Castle Age
20:00 Man-at-Arms
23:09 Hand Cart
23:20 Bow Saw
22:45 Pikeman
26:45 Fervor
29:11 Squires
33:31 Imperial Age
31:37 Town Watch
34:14 Chemistry
33:49 Fortified Wall
33:38 Halberdier
36:19 Two-Man Saw
35:20 Heavy Plow
37:02 Forging
36:52 Scale Mail Armor
36:16 Elite Hussite Wagon
38:46 Conscription
39:12 Arson
40:04 Iron Casting
39:29 Scale Mail Armor
39:41 Wagenburg Tactics
40:36 Town Patrol
Friedsotong
10:41 Feudal Age
12:09 Double-Bit Axe
19:56 Castle Age
21:21 Stone Mining
25:30 Gold Mining
26:32 Scale Barding Armor
29:29 Forging
31:34 Husbandry
37:36 Imperial Age
36:16 Ordonnance Companies
37:49 Bow Saw
38:40 Conscription
38:01 Cavalier
40:21 Iron Casting
40:07 Chain Barding Armor
40:55 Wheelbarrow
41:01 Gold Shaft Mining
40:29 Elite Throwing Axeman
Connection lost

Rejoining the realm…

Still unreachable

The connection could not be restored.

Session expired

The server has moved on; the page needs a fresh start.